 Dungeon Crawl Stone Soup version 0.29.1-15-g9cfb28693d (webtiles) character file.

Game seed: 13857893913740046131

590 Heoruswealwe the Magician (level 7, -2/54 HPs)
             Began as a Deep Elf Conjurer on Mar 6, 2023.
             Was a Believer of the Shining One.
             Slain by Duvessa
             ... wielding a +0 short sword
              (7 damage)
             ... on level 4 of the Dungeon.
             The game lasted 00:54:24 (3090 turns).

Heoruswealwe the Magician (Deep Elf Conjurer)       Turns: 3090, Time: 00:54:25

Health: -2/54      AC: 23    Str:  4    XL:     7   Next: 15%
Magic:  0/20       EV:  2    Int: 25    God:    the Shining One [**....]
Gold:   207        SH:  0    Dex: 13    Spells: 18/21 levels left

rFire   . . .      SeeInvis .   k - +3 rapier
rCold   . . .      Faith    .   (no shield)
rNeg    + + .      Spirit   .   (body armour currently unavailable)
rPois   +          Reflect  .   (helmet currently unavailable)
rElec   .          Harm     .   (cloak currently unavailable)
rCorr   .          Rampage  .   (gloves currently unavailable)
Will    .....      NoTele   +   (boots currently unavailable)
Stlth   +.........              (no amulet)
HPRegen 0.18/turn               h - ring of positive energy
MPRegen 0.17/turn               (no ring)

@: tree-form, glowing
A: stationary, stasis, torment immunity, boosted hp
a: Renounce Religion, Divine Shield


You were on level 4 of the Dungeon.
You worshipped the Shining One.
The Shining One was pleased with you.
You were a tree.
You visited 1 branch of the dungeon, and saw 4 of its levels.

You collected 207 gold pieces.

Inventory:

Hand Weapons
 f - the +7 Throatcutter {drain, coup de grace}
   (You took it off Terence on level 3 of the Dungeon)

   A truly terrible weapon, it drains the life of any living foe it strikes.
   It may instantly kill foes which have little health.
   The Shining One disapproves of the use of such an item.
 k - a +3 rapier (weapon)
Armour
 b - a +0 robe (melded)
Jewellery
 h - a ring of positive energy (left branch)
Wands
 e - a wand of digging (6)
 l - a wand of charming (12)
Scrolls
 d - a scroll of teleportation
 i - a scroll of fear
Potions
 c - 2 potions of brilliance
 g - a potion of lignification
 j - 2 potions of flight
 m - a potion of haste {unknown}


   Skills:
 - Level 2.4 Dodging
 - Level 2.4 Stealth
 + Level 7.7 Spellcasting
 + Level 7.4 Conjurations


You had 18 spell levels left.
You knew the following spells:

 Your Spells              Type           Power      Damage    Failure   Level
a - Magic Dart            Conj           100%       1d8       1%          1
b - Searing Ray           Conj           92%        2d7       1%          2

Your spell library contained the following spells:

 Spells                   Type           Power      Damage    Failure   Level
 Dazzling Flash           Conj/Hex       56%        N/A       4%          3
 Sting                    Tmut/Pois      36%        1d4       6%          1
 Poisonous Vapours        Pois/Air       18%        N/A       10%         2
 Fulminant Prism          Conj/Hex       14%        3d9       14%         4
 Iskenderun's Mystic Bla  Conj/Tloc      28%        2d7       14%         4
 Olgreb's Toxic Radiance  Pois           9%         N/A       52%         4


Dungeon Overview and Level Annotations

Branches:
Dungeon (4/15)
 Temple: D:4-7

Altars:
Gozag
Kikubaaqudgha
Uskayaw
The Shining One

Annotations:
D:4 Duvessa


Message History

(Press . to maintain the ray.) Duvessa hits you with a +0 short sword!
Duvessa hits you but does no damage.
The searing ray hits Duvessa.
Duvessa is heavily wounded.
Duvessa hits you with a +0 short sword!
The searing ray hits Duvessa.
Duvessa is severely wounded.
Duvessa hits you but does no damage. Duvessa hits you with a +0 short sword.
The searing ray hits Duvessa.
Duvessa is severely wounded.
You finish channelling your searing ray.
Duvessa hits you but does no damage. Duvessa barely misses you.
Duvessa hits you but does no damage.
Okay, then.
You can't see any enemies this would affect, really read the scroll of fear?
Okay, then.
Casting: Searing Ray (safe; 1% risk of failure)
Confirm with . or Enter, or press ? or * to list all spells.
Aiming: Magic Dart (safe; 1% risk of failure)
Press: ? - help, Shift-Dir - straight line, f/p - Duvessa
Aim: Duvessa, wielding a +0 short sword and wearing a +0 chain mail (severely wounded, berserk, haloed, 100% to hit)
The magic dart hits Duvessa but does no damage.
Duvessa is severely wounded.
Duvessa hits you but does no damage.
You hit Duvessa. You punch Duvessa, but do no damage.
Duvessa is severely wounded.
Duvessa hits you with a +0 short sword!
* * * LOW HITPOINT WARNING * * *
Duvessa hits you but does no damage.
Casting: Magic Dart (safe; 1% risk of failure)
Confirm with . or Enter, or press ? or * to list all spells.
Aiming: Magic Dart (safe; 1% risk of failure)
Press: ? - help, Shift-Dir - straight line, f/p - Duvessa
Aim: Duvessa, wielding a +0 short sword and wearing a +0 chain mail (severely wounded, berserk, haloed, 100% to hit)
The magic dart hits Duvessa but does no damage.
Duvessa is severely wounded.
Duvessa hits you with a +0 short sword.
* * * LOW HITPOINT WARNING * * *
Duvessa hits you with a +0 short sword!
You die...

'......#......+ #.#
##......#......## #.#
#.......#.......# #.#
#.......'.......#####.#
#.......#.......#....<#
...##......#......##.###.#
....'..)...#..)...'..# #.##
....##...#####e..###.# #.. .
#.#)#...#♣#.###.# #.##
###.......###...###.# #+#
#...[.......##.###..##
#..###.........##........#
#....'.........'.###..>..#
#...#..##.......##.....##..###
# ##.##.......##...#.##....#
#.#####'####..#.#.###...#
#.............#.#.# ######


You could see Duvessa (berserk).

Vanquished Creatures
  A sky beast (D:3)
  A kobold brigand (D:3)
  Dowan (D:4)
  The ghost of Tomstefer the Trooper, a weakling DsBe of Trog (D:3)
  A howler monkey (D:3)
  A hound (D:3)
  A gnoll bouda (D:4)
  Terence (D:3)
  An orc wizard (D:3)
  4 adders
  5 gnolls
  A worm (D:3)
  A dart slug (D:3)
  10 orcs (D:3)
  4 bats
  6 endoplasms
  4 giant cockroaches
  7 goblins
  5 hobgoblins
  3 jackals (D:3)
  13 kobolds
  5 quokkas
  14 ball pythons
  4 frilled lizards
  7 rats
102 creatures vanquished.

Notes
Turn   | Place    | Note
-------+----------+-------------------------------------------
     0 | D:1      | Heoruswealwe the Deep Elf Conjurer began the quest for the
                  | Orb.
     0 | D:1      | Reached XP level 1. HP: 10/10 MP: 6/6
    24 | D:1      | Found a faded altar of an unknown god.
    37 | D:1      | Prayed at the altar of an unknown god.
    37 | D:1      | Became a worshipper of the Shining One
    37 | D:1      | Reached * piety under the Shining One
    69 | D:1      | Reached XP level 2. HP: 15/15 MP: 3/8
   178 | D:1      | Learned a level 2 spell: Searing Ray
   212 | D:1      | Reached skill level 5 in Conjurations
   212 | D:1      | Reached XP level 3. HP: 19/19 MP: 1/10
   610 | D:2      | Reached XP level 4. HP: 19/24 MP: 1/12
   836 | D:2      | Identified the +1 robe of Trumpets {-Cast rElec Str+2}
  1005 | D:1      | You fall into a shaft and drop 1 floor!
  1223 | D:3      | Found a hide-covered altar of Uskayaw.
  1229 | D:3      | Reached ** piety under the Shining One
  1232 | D:3      | Reached skill level 5 in Spellcasting
  1301 | D:3      | Found a transporter.
  1307 | D:3      | Found a transporter.
  1311 | D:3      | Noticed a sky beast
  1315 | D:3      | Found an opulent altar of Gozag.
  1417 | D:3      | Reached XP level 5. HP: 22/28 MP: 8/14
  1795 | D:3      | Noticed Terence
  1801 | D:3      | Killed Terence
  1867 | D:3      | Found a runed translucent gate.
  1868 | D:3      | Found a runed translucent gate.
  1869 | D:3      | Found a runed translucent gate.
  1869 | D:3      | Noticed Tomstefer's ghost (weakling DsBe)
  1944 | D:3      | Reached XP level 6. HP: 15/32 MP: 7/17
  1945 | D:3      | Killed Tomstefer's ghost
  2118 | D:3      | Killed a sky beast
  2795 | D:4      | Reached XP level 7. HP: 20/36 MP: 5/20
  2854 | D:4      | Found an ancient bone altar of Kikubaaqudgha.
  3057 | D:4      | Noticed Dowan
  3057 | D:4      | Noticed Duvessa
  3072 | D:4      | Killed Dowan
  3090 | D:4      | Slain by Duvessa

Illustrated notes

Levels and vault maps discovered:
D:1:      lightli_molten_gateway, layout_rooms, basic_ecumenical_altar
D:2:      layout_basic
D:3:      layout_basic, gammafunk_temple_overflow_arena,
          eat_drink_and_be_merry_uskayaw, gammafunk_ghost_nasty_kobolds,
          uniq_terence
D:4:      nicolae_cairo_tiling_very_big, layout_basic,
          mainiacjoe_overflow_alcove_1, uniq_duvessa

Skill      XL: |  1  2  3  4  5  6 |
---------------+-------------------+-----
Spellcasting   | 4 5 6 7 |  7.7
Conjurations   | 5 6 7 |  7.4
Dodging        | |  2.4
Stealth        | |  2.4

Action                   |  1- 3 |  4- 6 |  7- 9 || total
-------------------------+-------+-------+-------++-------
Melee: War axe           |     4 |     5 |       ||     9
       Rapier            |       |     2 |     1 ||     3
       Punch             |       |       |     1 ||     1
 Cast: Magic Dart        |    56 |    84 |    15 ||   155
       Searing Ray       |       |    11 |     4 ||    15
  Use: Scroll            |     5 |     4 |       ||     9
       Potion            |     1 |     6 |     1 ||     8
Armor: Robe              |     8 |     7 |       ||    15
       Skin              |       |       |    15 ||    15
Dodge: Dodged            |    17 |    19 |     1 ||    37
